AoeStats
← NPG | Shimishi Maki

Arabia

508748849Analyzed
4v4 RM · 9d ago on Sep 23, 2026· 29m 47s· 8 players
Game mode
Random Map
Map size
Large (8 player)
Population
200
Speed
Normal
Resources
Standard
Victory
Conquest
Starting age
Dark Age
Ending age
Imperial Age
RankedLock teamsTeams togetherTeam positionsShared explorationLock speedFull tech treeHidden civsTurbo modeCheats
Victory
Defeat
🇨🇱 Poles · Chile
1669
+10
🇦🇷 Varangians · Argentina
1561
+14
🇦🇷 Teutons · Argentina
1517
+16
🇦🇷 Magyars · Argentina
1405
+22
🇨🇴 Britons · Colombia
1584
-18
🇨🇴 Varangians · Colombia
1581
-18
🇨🇳 Persians · China
1476
-13
🇨🇴 Vietnamese · Colombia
1460
-13
[Fx、]AirDk
6:03 Loom
9:00 Feudal Age
9:52 Double-Bit Axe
13:19 Horse Collar
16:05 Wheelbarrow
21:20 Castle Age
19:37 Scale Barding Armor
19:23 Gold Mining
20:24 Forging
20:52 Bloodlines
22:09 Chain Barding Armor
21:52 Husbandry
24:14 Iron Casting
27:57 Town Watch
29:50 Fletching
ELEG | perseo_777
3:57 Loom
5:12 Loom
10:11 Feudal Age
12:44 Double-Bit Axe
16:26 Fletching
26:53 Castle Age
25:23 Gold Mining
27:31 Bodkin Arrow
27:12 Crossbowman
29:06 Ballistics
29:58 Wheelbarrow
ELEG | JacLondon
9:21 Feudal Age
7:38 Loom
9:51 Double-Bit Axe
10:05 Horse Collar
15:48 Bloodlines
20:00 Scale Barding Armor
20:33 Forging
23:12 Wheelbarrow
27:47 Castle Age
25:49 Gold Mining
28:58 Chain Barding Armor
28:39 Husbandry
ELEG | Lucho
6:11 Loom
9:07 Feudal Age
9:43 Double-Bit Axe
13:40 Fletching
17:20 Padded Archer Armor
25:17 Castle Age
23:29 Gold Mining
25:25 Crossbowman
26:01 Bodkin Arrow
28:23 Scale Mail Armor
Pipo
8:36 Feudal Age
8:49 Loom
9:24 Double-Bit Axe
15:01 Bloodlines
18:13 Scale Barding Armor
22:56 Castle Age
21:55 Horse Collar
22:55 Gold Mining
23:01 Light Cavalry
24:06 Chain Barding Armor
24:15 Bow Saw
URU | Deo
7:34 Loom
9:53 Feudal Age
10:42 Double-Bit Axe
15:02 Fletching
23:10 Castle Age
24:07 Bloodlines
23:55 Bodkin Arrow
24:30 Bow Saw
24:01 Horse Collar
24:12 Gold Mining
25:10 Husbandry
27:00 Wheelbarrow
26:13 Town Watch
29:15 Ballistics
29:18 Heavy Plow
VOY TEUTONES VOY
6:39 Loom
9:19 Feudal Age
9:22 Man-at-Arms
9:47 Double-Bit Axe
15:49 Fletching
20:51 Padded Archer Armor
25:25 Castle Age
29:07 Bodkin Arrow
NPG | Shimishi Maki
5:45 Loom
8:20 Feudal Age
9:24 Double-Bit Axe
9:20 Horse Collar
18:32 Castle Age
19:25 Bow Saw
19:15 Heavy Plow
20:41 Wheelbarrow
20:49 Scale Barding Armor
20:54 Gold Mining
21:54 Bloodlines
22:05 Chain Barding Armor
22:03 Husbandry
22:24 Szlachta Privileges
23:54 Forging
30:17 Iron Casting
Connection lost

Rejoining the realm…

Still unreachable

The connection could not be restored.

Session expired

The server has moved on; the page needs a fresh start.